 Dungeon Crawl Stone Soup version 0.27-a0-34-gc18c9092ac (webtiles) character file.

Game seed: 2234481925808742055

1564 sahdkjhfkaj the Fighter (level 8, -2/92 HPs)
             Began as a Troll Transmuter on Jan 4, 2021.
             Was an Initiate of Cheibriados.
             Slain by a gnoll
             ... wielding a cursed +0 club
              (10 damage)
             ... on level 6 of the Dungeon.
             The game lasted 00:07:44 (5137 turns).

sahdkjhfkaj the Fighter (Troll Transmuter)          Turns: 5137, Time: 00:07:45

Health: -2/92      AC: -1    Str: 18 (20) XL:     8   Next: 58%
Magic:  8/8        EV: 10    Int: 11 (12) God:    Cheibriados [......]
Gold:   299        SH:  0    Dex: 11 (13) Spells: 3/9 levels left

rFire    + . .     SeeInvis .     - Unarmed
rCold    . . .     Faith    .   (no shield)
rNeg     . . .     Spirit   .   a - +1 robe
rPois    .         Reflect  .   (helmet restricted)
rElec    .         Harm     .   (no cloak)
rCorr    .         Rampage  .   (gloves unavailable)
Will     .....     Rnd*Rage +   (boots unavailable)
Stlth    ..........             (no amulet)
HPRegen  1.05/turn              h - ring of attention (curse)
MPRegen  0.11/turn              z - ring of protection from fire

@: corroded, very slow
A: large, unfitting armour, claws 3, agile 1, berserk 1, deterioration 1,
regeneration 2, shaggy fur 1, tough skin 3, no potion heal 1
a: Renounce Religion, Bend Time


You were on level 6 of the Dungeon.
You worshipped Cheibriados.
Cheibriados was noncommittal.
You visited 2 branches of the dungeon, and saw 8 of its levels.
You also visited: Ossuary.

You collected 299 gold pieces.

Inventory:

Armour
 a - a +1 robe (worn)
Jewellery
 b - an uncursed ring of magical power
 h - a cursed ring of attention (left claw)
 z - a ring of protection from fire (right claw)
Wands
 k - a wand of flame (16)
 y - a wand of acid (5)
Scrolls
 d - a scroll of amnesia
 e - a scroll of fog
 g - 2 scrolls of noise
 m - 2 scrolls of enchant weapon
 o - 2 scrolls of remove curse
 r - a scroll of blinking
 s - a scroll of magic mapping
 t - a scroll of immolation
 w - 4 scrolls of teleportation {!r}
Potions
 c - a potion of might
 i - 8 potions of curing
 j - 2 potions of lignification
 l - 2 potions of mutation
 n - 2 potions of attraction
 p - a potion of flight
 q - a potion of haste {unknown}
 u - 2 potions of brilliance
 v - a potion of ambrosia {unknown}
 x - a potion of resistance {unknown}


   Skills:
 + Level 9.0 Fighting
 - Level 2.0 Dodging
 - Level 3.0 Unarmed Combat
 - Level 1.2 Spellcasting
 - Level 1.4 Transmutations


You had 3 spell levels left.
You knew the following spells:

 Your Spells              Type           Power        Failure   Level
a - Beastly Appendage     Tmut           6%           19%         1
A - Blade Hands           Tmut           1%           99%         5

Your spell library contained the following spells:

 Spells                   Type           Power        Failure   Level
 Wereblood                Tmut           3%           26%         2
 Spider Form              Tmut/Pois      1%           56%         3
 Ice Form                 Ice/Tmut       2%           93%         4


Dungeon Overview and Level Annotations

Branches:
Dungeon (7/15)             Temple (1/1) D:5         Ossuary (visited)

Altars:
Ashenzari
Cheibriados
Dithmenos
Fedhas
Gozag
Hepliaklqana
Makhleb
Nemelex Xobeh
Qazlal
Ru
Trog
Vehumet
Wu Jian
Xom
Zin
The Shining One

Annotations:
D:5 2 transporters, Anias's ghost, weakling OpDe


Innate Abilities, Weirdness & Mutations

You are too large for most types of armour.
You have claws for hands.
You heal very quickly.
You are covered in fur. (AC +1)
You have extremely tough skin. (AC +3)
You are agile. (Dex +2)
You tend to lose your temper in combat.
Your body sometimes deteriorates upon taking damage.
Potions are less effective at restoring your health.


Message History

The gnoll hits you with a +0 whip!
You scratch the gnoll but do no damage. The gnoll hits you with a +0 whip.
The gnoll hits you but does no damage.
You scratch the gnoll but do no damage. You claw the gnoll!
The gnoll is severely wounded.
The gnoll hits you with a +0 whip.
* * * LOW HITPOINT WARNING * * *
You scratch the gnoll but do no damage.
The gnoll hits you with a cursed +0 club!
* * * LOW HITPOINT WARNING * * *
The gnoll hits you with a +0 whip!
* * * LOW HITPOINT WARNING * * *
You barely miss the gnoll.
The gnoll is severely wounded.
The gnoll hits you with a cursed +0 club!
* * * LOW HITPOINT WARNING * * *
The gnoll closely misses you. The gnoll misses you.
The gnoll hits you with a cursed +0 club!
You die...

#....#....#....######
#.............###....
##.##.........###....
#....)..............
#####.......#######....
##......................
#.....#..............#..
##...##......#.......###
####....@#..#.##......# #
#####..##..gg####.........# #
##.##......................###
#...#...##.>....####.........#
#........#......# ##..........
##...)........#.###..........#
#........##.#...###.........#
#..........#.##.............#
#............##...........#.#


You could see 2 gnolls.

Vanquished Creatures
  Grinder (D:3)
  Eustachio (D:6)
  An ice beast (D:6)
  A black bear (D:6)
  2 phantoms (D:4)
  A bullfrog (D:6)
  A scorpion (D:4)
  2 centaur zombies
  3 hounds
  A jelly (D:7)
  A centaur skeleton (D:4)
  Terence (D:2)
  3 orc wizards (D:5)
  2 worker ants (D:4)
  13 mummies (Ossuary)
  Robin (D:2)
  A gnoll (D:5)
  6 adders
  2 shadow imps
  2 white imps
  2 ufetubi (D:5)
  3 oozes
  2 adder skeletons (D:5)
  3 worms (D:2)
  2 dart slugs
  3 leopard geckos
  10 orcs
  3 ball pythons
  3 giant cockroaches
  10 goblins
  8 hobgoblins
  A jackal (D:6)
  3 quokkas
  5 bats
  4 frilled lizards
  3 gnoll skeletons (Ossuary)
  A goblin skeleton (Ossuary)
  A jackal skeleton (D:5)
  6 kobolds
  A kobold skeleton (Ossuary)
  3 orc skeletons (Ossuary)
  7 rats
  11 rat skeletons (Ossuary)
141 creatures vanquished.

Notes
Turn   | Place    | Note
-------+----------+-------------------------------------------
     0 | D:1      | sahdkjhfkaj the Troll Transmuter began the quest for the
                  | Orb.
     0 | D:1      | Reached XP level 1. HP: 18/18 MP: 1/1
     4 | D:1      | Reached skill level 1 in Fighting
    37 | D:1      | Reached XP level 2. HP: 27/27 MP: 2/2
   265 | D:1      | Reached skill level 2 in Fighting
   545 | D:2      | Reached XP level 3. HP: 35/35 MP: 3/3
   629 | D:2      | Noticed Robin
   644 | D:2      | Killed Robin
   724 | D:2      | Noticed Terence
   735 | D:2      | Killed Terence
   736 | D:2      | Reached skill level 3 in Fighting
   736 | D:2      | Reached XP level 4. HP: 29/45 MP: 4/4
  1371 | D:3      | Found a faded altar of an unknown god.
  1483 | D:3      | Reached XP level 5. HP: 41/54 MP: 5/5
  1489 | D:3      | Learned a level 5 spell: Blade Hands
  1490 | D:3      | Gained mutation: Your body sometimes deteriorates upon
                  | taking damage. [mutagenic glow]
  1518 | D:3      | Gained mutation: You tend to lose your temper in combat.
                  | [mutagenic glow]
  1597 | D:3      | Noticed Grinder
  1605 | D:3      | Paralysed by Grinder for 2 turns
  1608 | D:3      | Killed Grinder
  1609 | D:3      | Reached skill level 5 in Fighting
  1609 | D:3      | Reached XP level 6. HP: 47/66 MP: 6/6
  2014 | D:4      | HP: 2/66 [centaur skeleton (3)]
  2074 | D:4      | Reached skill level 6 in Fighting
  2230 | D:4      | Reached XP level 7. HP: 63/75 MP: 7/7
  2711 | D:4      | Found a sand-covered staircase.
  2716 | Ossuary  | Entered an ossuary
  2991 | Ossuary  | Reached skill level 7 in Fighting
  3290 | D:5      | Entered Level 5 of the Dungeon
  3626 | D:5      | Reached XP level 8. HP: 77/88 MP: 8/8
  3680 | D:5      | Gained mutation: You are dopey. (Int -2) [mutagenic glow]
  3699 | D:5      | Gained mutation: You are occasionally teleported next to
                  | monsters. [mutagenic glow]
  3834 | D:5      | Lost mutation: Your body sometimes deteriorates upon taking
                  | damage. [potion of mutation]
  3834 | D:5      | Lost mutation: You are dopey. (Int -2) [potion of mutation]
  3834 | D:5      | Lost mutation: You are occasionally teleported next to
                  | monsters. [potion of mutation]
  3834 | D:5      | Gained mutation: Your body sometimes deteriorates upon
                  | taking damage. [potion of mutation]
  3834 | D:5      | Gained mutation: Potions are less effective at restoring
                  | your health. [potion of mutation]
  3834 | D:5      | Gained mutation: You heal very quickly. [potion of
                  | mutation]
  3834 | D:5      | Gained mutation: You are agile. (Dex +2) [potion of
                  | mutation]
  3858 | D:5      | Found a shimmering altar of Xom.
  3870 | D:5      | Found a staircase to the Ecumenical Temple.
  3900 | Temple   | Entered the Ecumenical Temple
  4039 | Temple   | Became a worshipper of Cheibriados the Contemplative
  4108 | D:5      | Noticed Anias's ghost (weakling OpDe)
  4109 | D:5      | Found a transporter.
  4206 | D:5      | Found a transporter.
  4514 | D:6      | Noticed Eustachio
  4526 | D:6      | Reached skill level 8 in Fighting
  4543 | D:6      | Killed Eustachio
  4916 | D:6      | Found a stormy altar of Qazlal.
  4931 | D:6      | Reached skill level 9 in Fighting
  5134 | D:6      | HP: 4/92 [gnoll/cursed +0 club (7)]
  5137 | D:6      | Slain by a gnoll

Illustrated notes

Levels and vault maps discovered:
D:1:      onia_arrival_handbag, layout_rooms
D:2:      layout_loops_ring, uniq_robin, uniq_terence
D:3:      layout_basic, chequers_ecumenical_altar_island, uniq_grinder
D:4:      layout_basic, enter_ossuary_2
D:5:      layout_loops_ring, minmay_temple_entry_drinking_statues, basic_altar,
          gammafunk_ghost_stat_death, cheibrodos_gnoll_hut
D:6:      layout_cave_pools, basic_altar, st_stairs_7,
          wad_floor_pattern_untrapped, hangedman_minor_gate_pass, uniq_eustachio
D:7:      layout_rooms, kennysheep_generic_room_6
Temple:   regret_index_temple_waves

Skill      XL: |  1  2  3  4  5  6  7  8 |
---------------+-------------------------+-----
Fighting       | 1 2 3 5 6 7 9 |  9.0
Dodging        | 2 |  2.0
Unarmed Combat | |  3.0
Spellcasting   | |  1.2
Transmutations | |  1.4

Action                   |  1- 3 |  4- 6 |  7- 9 || total
-------------------------+-------+-------+-------++-------
Melee: Unarmed           |   106 |   168 |   298 ||   572
       Punch             |       |     3 |     8 ||    11
 Cast: Beastly Appendage |       |       |     1 ||     1
  Use: Scroll            |       |     5 |    10 ||    15
       Potion            |       |     1 |     3 ||     4
 Stab: Sleeping          |     1 |       |       ||     1
Armor: Robe              |    38 |    76 |   107 ||   221
Dodge: Dodged            |    48 |    94 |   167 ||   309

Table legend: (Time is in decaauts)
 A = Elapsed time spent in this place.
 B = Non-inter-level travel time spent in this place.
 C = Inter-level travel time spent in this place.
 D = Time resting spent in this place.
 E = Time spent auto-exploring this place.
 F = Levels seen in this place.
 G = Mean time per level.
                   A        B        C        D        E       F      G
               +--------+--------+--------+--------+--------+-----+--------+
         Total |   5373 |   5143 |    230 |    550 |   3556 |   9 |  597.0 |
       Dungeon |   4649 |   4495 |    154 |    550 |   3062 |   7 |  664.1 |
        Temple |    199 |    124 |     75 |      0 |    121 |   1 |  199.0 |
       Ossuary |    524 |    524 |      0 |      0 |    373 |   1 |  524.0 |
               +--------+--------+--------+--------+--------+-----+--------+

Top non-repeatable levels by time:
     D:5: 1048 daAuts
     D:6: 844 daAuts
     D:4: 820 daAuts
     D:2: 755 daAuts
     D:3: 712 daAuts
 Ossuary: 524 daAuts
     D:1: 458 daAuts
  Temple: 199 daAuts
     D:7: 9 daAuts
